 Dungeon Crawl Stone Soup version 0.28.0-53-g5a82cb258f (webtiles) character file.

Game seed: 10913121162996128204

122 protoss039 the Digger (level 4, -2/33 HPs)
             Began as a Demonspawn Earth Elementalist on June 1, 2022.
             Slain by a gnoll
             ... wielding a +0 flail
              (3 damage)
             ... on level 4 of the Dungeon.
             The game lasted 00:03:27 (3617 turns).

protoss039 the Digger (DsEE)                        Turns: 3617, Time: 00:03:28

Health: -2/33      AC:  9    Str:  9    XL:     4   Next: 78%
Magic:  4/7        EV: 12    Int: 18    God:
Gold:   145        SH:  0    Dex: 13    Spells: 1/7 levels left

rFire   . . .      SeeInvis .   n - +2 whip (venom)
rCold   . . .      Faith    .   (no shield)
rNeg    . . .      Spirit   .   b - +0 robe
rPois   .          Reflect  .   d - +0 helmet
rElec   .          Harm     .   p - +1 cloak
rCorr   .          Rampage  .   (no gloves)
Will    .....                   k - +0 pair of boots
Stlth   ++........              (no amulet)
HPRegen 0.11/turn               (no ring)
MPRegen 0.10/turn               (no ring)

@: no status effects
A: hooves 1, yellow scales 2
a: no special abilities


You were on level 4 of the Dungeon.
You visited 1 branch of the dungeon, and saw 4 of its levels.

You collected 145 gold pieces.

Inventory:

Hand Weapons
 g - a +2 vorpal spear
 n - a +2 whip of venom (weapon)
Missiles
 c - 35 stones
Armour
 b - a +0 robe (worn)
 d - a +0 helmet (worn)
 k - a +0 pair of boots (worn)
 p - a +1 cloak (worn)
Scrolls
 a - a scroll of enchant weapon {unknown}
 f - a scroll of teleportation
 o - a scroll of immolation
Potions
 e - a potion of curing {unknown}
 h - a potion of mutation {unknown}
 i - a potion of heal wounds {unknown}
 m - a potion of resistance {unknown}
 q - a potion of might {unknown}


   Skills:
 * Level 2.1 Fighting
 + Level 1.2 Armour
 - Level 1.7 Dodging
 - Level 1.7 Stealth
 + Level 2.4 Spellcasting
 * Level 1.2 Conjurations
 - Level 2.0 Transmutations
 + Level 3.1 Earth Magic


You had one spell level left.
You knew the following spells:

 Your Spells              Type           Power      Damage    Failure   Level
a - Sandblast             Erth           26%        2d8       4%          1
b - Passwall              Tmut/Erth      9%         N/A       10%         2
c - Stone Arrow           Conj/Erth      20%        3d8       22%         3

Your spell library contained the following spells:

 Spells                   Type           Power      Damage    Failure   Level
 Petrify                  Tmut/Erth      11%        N/A       52%         4


Dungeon Overview and Level Annotations

Branches:
Dungeon (4/15)
 Temple: D:4-7

Altars:
Ashenzari
Cheibriados
Dithmenos
Elyvilon
Gozag
Sif Muna


Innate Abilities, Weirdness & Mutations

You have large cloven feet.
You are mostly covered in yellow scales. (AC +3)


Message History

The gnoll shaman calls upon its god to heal the gnoll.
The gnoll is healed somewhat.
You are no longer glowing.
The gnoll hits you but does no damage. The gnoll closely misses you.
Casting: Sandblast (safe; 4% risk of failure)
Confirm with . or Enter, or press ? or * to list all spells.
The spell is quite dangerous to miscast (22% risk of failure)!
Continue anyway?
Okay, then.
Casting: Stone Arrow (quite dangerous; 22% risk of failure)
Confirm with . or Enter, or press ? or * to list all spells.
Aiming: Sandblast (safe; 4% risk of failure)
Press: ? - help, Shift-Dir - straight line, f - gnoll
Aim: a gnoll, wielding a +0 flail (fast, 82% to hit)
The blast of sand hits the gnoll.
The gnoll is moderately wounded.
The gnoll closely misses you.
Unknown command.
Casting: Sandblast (safe; 4% risk of failure)
Confirm with . or Enter, or press ? or * to list all spells.
Aiming: Sandblast (safe; 4% risk of failure)
Press: ? - help, Shift-Dir - straight line, f/p - gnoll
Aim: a gnoll, wielding a +0 flail (moderately wounded, fast, 82% to hit)
The blast of sand hits the gnoll.
The gnoll is moderately wounded.
The gnoll barely misses you.
Unknown command.
The gnoll shaman calls down the wrath of its god upon you.
You resist with some effort. The gnoll barely misses you.
The gnoll hits you with a +0 flail.
* * * LOW HITPOINT WARNING * * *
The gnoll hits you with a +0 flail!
* * * LOW HITPOINT WARNING * * *
Casting: Sandblast (safe; 4% risk of failure)
Confirm with . or Enter, or press ? or * to list all spells.
Aiming: Sandblast (safe; 4% risk of failure)
Press: ? - help, Shift-Dir - straight line, f/p - gnoll
Aim: a gnoll, wielding a +0 flail (moderately wounded, fast, 82% to hit)
The blast of sand misses the gnoll.
The gnoll hits you with a +0 flail.
You die...

#.......#
#.......#
#.......#
##.(...##
##...#.....
##..#.####
#..#.# #..#.#
#..#@##
########÷.g..#
#.......#.#..#
#.#####.#.#g.###
#.#####.#......#
#............#.#
#..#.##........#
#..#.##...###..#
######......÷).#
..#


You could see a gnoll shaman and a gnoll (fast).

Vanquished Creatures
  A jelly (D:4)
  4 adders
  2 dart slugs
  2 orcs
  7 ball pythons
  3 endoplasms
  A giant cockroach (D:1)
  2 goblins
  4 hobgoblins
  6 jackals
  6 kobolds
  2 quokkas
  5 bats
  3 frilled lizards
  4 rats
52 creatures vanquished.

Vanquished Creatures (others)
  2 withered plants (D:4)
2 creatures vanquished.

Grand Total: 54 creatures vanquished

Notes
Turn   | Place    | Note
-------+----------+-------------------------------------------
     0 | D:1      | protoss039 the Demonspawn Earth Elementalist began the
                  | quest for the Orb.
     0 | D:1      | Reached XP level 1. HP: 13/13 MP: 3/3
   107 | D:1      | Reached skill level 1 in Transmutations
   302 | D:1      | Gained mutation: You are partially covered in yellow
                  | scales. (AC +2) [demonic ancestry]
   302 | D:1      | Reached XP level 2. HP: 20/20 MP: 5/5
   495 | D:1      | Reached skill level 1 in Fighting
   743 | D:1      | Found a faded altar of an unknown god.
  1026 | D:1      | Learned a level 2 spell: Passwall
  1546 | D:2      | Gained mutation: You are mostly covered in yellow scales.
                  | (AC +3) [demonic ancestry]
  1546 | D:2      | Reached XP level 3. HP: 26/26 MP: 1/6
  2255 | D:2      | Learned a level 3 spell: Stone Arrow
  2403 | D:3      | Found a snail-covered altar of Cheibriados.
  2406 | D:3      | Found a broken altar of Ashenzari.
  2407 | D:3      | Found a shadowy altar of Dithmenos.
  2407 | D:3      | Found a shimmering blue altar of Sif Muna.
  2408 | D:3      | Found an opulent altar of Gozag.
  2516 | D:3      | Reached skill level 3 in Earth Magic
  2795 | D:3      | Gained mutation: You have large cloven feet. [demonic
                  | ancestry]
  2795 | D:3      | Reached XP level 4. HP: 33/33 MP: 7/7
  2976 | D:3      | Reached skill level 1 in Armour
  3388 | D:4      | Reached skill level 1 in Conjurations
  3616 | D:4      | HP: 1/33 [gnoll/+0 flail (8)]
  3617 | D:4      | Slain by a gnoll

Illustrated notes

Levels and vault maps discovered:
D:1:      dpeg_arrival_court, layout_basic, shapermc_ecumenical_altar_gd
D:2:      layout_basic
D:3:      layout_basic, grunt_temple_overflow_open, roderic_malta_cross,
          minmay_puff
D:4:      layout_loops_ring, serial_undead, serial_undead_b, serial_undead_c,
          serial_undead_a, serial_undead_b

Skill      XL: |  1  2  3  4 |
---------------+-------------+-----
Transmutations | 1 2 |  2.0
Fighting       | 1 2 |  2.1
Earth Magic    | 3 |  3.1
Armour         | 1 |  1.2
Conjurations   | 1 |  1.2
Dodging        | |  1.7
Stealth        | |  1.7
Spellcasting   | |  2.4

Action                   |  1- 3 |  4- 6 || total
-------------------------+-------+-------++-------
Melee: Spear             |    50 |       ||    50
       Whip              |    40 |    30 ||    70
       Punch             |     1 |     1 ||     2
 Cast: Sandblast         |    10 |     9 ||    19
  Use: Scroll            |       |     4 ||     4
 Stab: Sleeping          |     9 |       ||     9
Armor: Robe              |    34 |    12 ||    46
Dodge: Dodged            |    52 |    30 ||    82
